 Dungeon Crawl Stone Soup version 0.29-a0-837-g174bc33265 (webtiles) character file.

Game seed: 5251726037143163916

43 Ijustatesigmund the Firebug (level 3, 0/28 HPs)
             Began as a Hill Orc Fire Elementalist on July 13, 2022.
             Slain by an orc wizard
             ... wielding a +0 dagger of protection
              (1 damage)
             ... on level 3 of the Dungeon.
             The game lasted 00:02:46 (2060 turns).

Ijustatesigmund the Firebug (HOFE)                  Turns: 2060, Time: 00:02:46

Health: 0/28       AC:  6    Str: 10    XL:     3   Next: 58%
Magic:  1/5        EV: 11    Int: 17    God:
Gold:   48         SH:  0    Dex: 11    Spells: 2/5 levels left

rFire   . . .      SeeInvis .   c - +0 quarterstaff
rCold   . . .      Faith    .   (shield currently unavailable)
rNeg    . . .      Spirit   .   a - +0 leather armour
rPois   .          Reflect  .   (no helmet)
rElec   .          Harm     .   (no cloak)
rCorr   .          Rampage  .   (no gloves)
Will    .....                   d - +2 pair of boots
Stlth   +.........              (no amulet)
HPRegen 0.09/turn               (no ring)
MPRegen 0.09/turn               (no ring)

@: about to teleport
A: no striking features
a: no special abilities


You were on level 3 of the Dungeon.
You visited 1 branch of the dungeon, and saw 3 of its levels.

You collected 48 gold pieces.

Inventory:

Hand Weapons
 c - a +0 quarterstaff (weapon)
Armour
 a - a +0 leather armour (worn)
 d - a +2 pair of boots (worn)
Jewellery
 f - an amulet of guardian spirit
Potions
 b - a potion of magic


   Skills:
 + Level 1.4 Fighting
 + Level 1.1 Armour
 - Level 1.5 Dodging
 - Level 1.5 Stealth
 + Level 1.9 Spellcasting
 + Level 1.7 Conjurations
 + Level 3.7 Fire Magic


You had 2 spell levels left.
You knew the following spells:

 Your Spells              Type           Power      Damage    Failure   Level
a - Foxfire               Conj/Fire      40%        2x1d6     9%          1
b - Scorch                Fire           28%        2d6       9%          2

Your spell library contained the following spells:

 Spells                   Type           Power      Damage    Failure   Level
 Conjure Flame            Conj/Fire      10%        6-21      26%         3
 Inner Flame              Hex/Fire       7%         N/A       36%         3
 Flame Wave               Conj/Fire      10%        2d5       65%         4


Dungeon Overview and Level Annotations

Branches:
Dungeon (3/15)

Altars:

Annotations:
D:2 Sigmund


Message History

You are very lightly contaminated with residual magic.
Nothing appears to happen.
Something hits you but does no damage. The orc barely misses you.
The hound barely misses you.
Casting: Foxfire (safe; 9% risk of failure)
Confirm with . or Enter, or press ? or * to list all spells.
You conjure some foxfire!
The hound pauses to sniff the ground.
The hound bites you but does no damage. The orc closely misses you.
Something hits you but does no damage. The hound closely misses you.
The foxfire hits the hound.
The hound is moderately wounded.
The foxfire hits the hound.
The hound is heavily wounded.
Something hits you.
* * * LOW HITPOINT WARNING * * *
The orc hits you but does no damage. The hound bites you but does no damage.
You barely miss the hound.
The hound is heavily wounded.
The hound bites you but does no damage. The orc hits you but does no damage.
Something hits you.
* * * LOW HITPOINT WARNING * * *
The hound bites you but does no damage. The orc barely misses you.
Something hits you.
* * * LOW HITPOINT WARNING * * *
Okay, then.
As you read the scroll of teleportation, it crumbles to dust.
You feel strangely unstable. The hound bites you but does no damage.
You hear some strange, mumbled words.
A puff of flame appears from out of thin air!
The puff of flame misses you. The orc barely misses you.
The hound attacks as you move away! The hound bites you but does no damage.
The orc attacks as you move away! The orc hits you but does no damage.
The hound barely misses you.
Things that are here:
a +0 falchion; 13 gold pieces; an orc corpse Something hits you but does no damage.
The orc attacks as you move away! The orc hits you but does no damage.
Your magical contamination has completely faded away.
Something hits you.
You die...

#.. .. #.# # ... #.#
.#
...####.########.# #
.................#.#
....†...!.........#
#......o.......#
#.†...@h......#
#......{........
#...........####
#...........+
#...........#
#.....).....#
#...........#
#...........#
#..........


You could see a hound and an orc.

Vanquished Creatures
  2 worms (D:3)
  A dart slug (D:1)
  2 orcs (D:3)
  3 endoplasms (D:1)
  3 goblins (D:1)
  4 hobgoblins
  4 jackals (D:1)
  3 kobolds (D:1)
  4 ball pythons
  A frilled lizard (D:1)
  4 rats
31 creatures vanquished.

Vanquished Creatures (others)
  49 foxfires
49 creatures vanquished.

Grand Total: 80 creatures vanquished

Notes
Turn   | Place    | Note
-------+----------+-------------------------------------------
     0 | D:1      | Ijustatesigmund the Hill Orc Fire Elementalist began the
                  | quest for the Orb.
     0 | D:1      | Reached XP level 1. HP: 14/14 MP: 3/3
   136 | D:1      | Reached XP level 2. HP: 15/22 MP: 4/4
   238 | D:1      | Learned a level 2 spell: Scorch
   367 | D:1      | Reached skill level 1 in Fighting
  1158 | D:1      | Found a faded altar of an unknown god.
  1534 | D:1      | Reached XP level 3. HP: 28/28 MP: 2/5
  1913 | D:2      | Noticed Sigmund
  1948 | D:3      | Reached skill level 1 in Armour
  2056 | D:3      | HP: 1/28 [something (3)]
  2060 | D:3      | Slain by an orc wizard

Illustrated notes

Levels and vault maps discovered:
D:1:      nicolae_arrival_memento_mori, layout_loops_corners,
          hellmonk_ecumenical_altar_crossroads, minmay_domino_2
D:2:      layout_basic, uniq_robin, uniq_natasha, uniq_sigmund
D:3:      layout_basic, jmf_multi_god_temple

Skill      XL: |  1  2  3 |
---------------+----------+-----
Fighting       | 1 |  1.4
Armour         | 1 |  1.1
Dodging        | |  1.5
Stealth        | |  1.5
Spellcasting   | |  1.9
Conjurations   | |  1.7
Fire Magic     | |  3.7

Action                   || total
-------------------------++-------
Melee: Quarterstaff      ||    41
 Cast: Foxfire           ||    29
       Scorch            ||     1
  Use: Scroll            ||     6
 Stab: Sleeping          ||     3
Armor: Robe              ||     3
       Leather armour    ||    28
Dodge: Dodged            ||    40

Table legend: (Time is in decaauts)
 A = Elapsed time spent in this place.
 B = Non-inter-level travel time spent in this place.
 C = Inter-level travel time spent in this place.
 D = Time resting spent in this place.
 E = Time spent auto-exploring this place.
 F = Levels seen in this place.
 G = Mean time per level.
                   A        B        C        D        E       F      G
               +--------+--------+--------+--------+--------+-----+--------+
         Total |   2071 |   2053 |     18 |    873 |    920 |   3 |  690.3 |
       Dungeon |   2071 |   2053 |     18 |    873 |    920 |   3 |  690.3 |
               +--------+--------+--------+--------+--------+-----+--------+

Top non-repeatable levels by time:
     D:1: 1910 daAuts
     D:3: 147 daAuts
     D:2: 12 daAuts
